 Dungeon Crawl Stone Soup version 0.18.1-8-gdd0e5ea (webtiles) character file.

221 sveltemanboy the Slasher (level 5, 0/34 HPs)
             Began as a High Elf Skald on May 26, 2016.
             Slain by an orc wizard
             ... wielding a +0 dagger
              (1 damage)
             ... on level 3 of the Dungeon.
             The game lasted 00:09:01 (3697 turns).

sveltemanboy the Slasher (High Elf Skald)           Turns: 3697, Time: 00:09:01

Health: 0/34       AC:  5    Str: 11    XL:     5   Next: 65%
Magic:  0/9        EV: 10    Int: 16    God:
Gold:   159        SH:  0    Dex: 15    Spells: 3 memorised, 2 levels left

rFire  . . .     SeeInvis .     a - +0 falchion
rCold  . . .     Gourm    .     n - +0 ring mail
rNeg   . . .     Faith    .     (no shield)
rPois  .         Spirit   +     (no helmet)
rElec  .         Dismiss  .     (no cloak)
rCorr  .         Reflect  .     (no gloves)
SustAt .         Harm     .     (no boots)
MR     .....                    q - amulet of guardian spirit
Stlth  +.........               (no ring)
                                (no ring)

@: not resistant to hostile enchantments, very unstealthy
A: no striking features
a: no special abilities


You were on level 3 of the Dungeon.
You were not hungry.

You visited 1 branch of the dungeon, and saw 3 of its levels.

You collected 159 gold pieces.

Inventory:

Hand Weapons
 a - a +0 falchion (weapon)
Armour
 n - a +0 ring mail (worn)
Jewellery
 q - an amulet of guardian spirit (around neck)
Wands
 j - a wand of lightning (0/15)
Scrolls
 f - 3 scrolls of remove curse {unknown}
 h - a scroll of immolation {unknown}
 k - 3 scrolls of identify {unknown}
 m - 3 scrolls of noise {unknown}
 o - 2 scrolls of recharging {unknown}
 p - a scroll of enchant armour {unknown}
Books
 c - a book of Battle

   Spells                             Type                      Level
   a - Infusion                       Charms                       1
   b - Shroud of Golubria             Charms/Translocation         2
   c - Song of Slaying                Charms                       2
   d - Spectral Weapon                Hexes/Charms                 3
   e - Regeneration                   Charms/Necromancy            3
Comestibles
 b - 3 chunks of flesh
 d - 3 bread rations
 g - a royal jelly
 i - a meat ration
 l - 2 beef jerkies


   Skills:
 - Level 2.0 Fighting
 * Level 5.4 Long Blades
 + Level 2.4 Armour
 - Level 1.1 Dodging
 - Level 2.4 Spellcasting
 - Level 2.0 Hexes
 + Level 4.2 Charms


You had 2 spell levels left.
You knew the following spells:

 Your Spells              Type           Power        Failure   Level  Hunger
a - Infusion              Chrm           ###.         12%         1    #......
b - Song of Slaying       Chrm           ###.....     14%         2    ###....
c - Spectral Weapon       Hex/Chrm       ##......     41%         3    ###....


Dungeon Overview and Level Annotations

Branches:
Dungeon (3/15)

Altars:
Cheibriados
Makhleb
Trog
Vehumet
Xom
Yredelemnul


Message History

The orc wizard is moderately wounded.
The orc wizard mumbles some strange words.
The orc wizard blinks!
You slash the kobold!
You kill the kobold!
Your song is almost over.
The orc wizard mumbles some strange words.
The orc wizard blinks!
Your song has ended.
The orc wizard points at you and mumbles some strange words.
The magic dart hits you!
* * * LOW HITPOINT WARNING * * *
The orc wizard points at you and mumbles some strange words.
The magic dart hits you!
* * * LOW HITPOINT WARNING * * *
There is an escape hatch in the ceiling here.
You barely miss the orc wizard.
The orc wizard is lightly wounded.
The orc wizard hits you with a dagger.
You die...

###.#######...#####.#
#.)............## #.#
#.###.###.......# ###
#.# #.# #......##
#.###.# #.#...######8
#.....# #.....[...##.
###..## #......##.#_.
#..# ##.....#####.
#.@### ##...######8
#..o.####.......#
#.........#..#####
####.####...## #.#
#.# ###.#####.## #.#
#[.......... #.#
#.#.##....## #.#
#[#.##.##..# #.#
#.#.##......


You could see an orc wizard.

Vanquished Creatures
  A giant frog (D:3)
  6 adders
  A worm (D:2)
  4 giant geckos
  8 orcs (D:3)
  6 bats
  14 hobgoblins
  6 jackals (D:3)
  A quokka (D:3)
  2 ball pythons
  2 giant newts
  4 goblins
  6 kobolds
  28 rats
89 creatures vanquished.

Vanquished Creatures (others)
  2 orcs (D:3)
  A kobold (D:3)
3 creatures vanquished.

Grand Total: 92 creatures vanquished

Notes
Turn   | Place    | Note
--------------------------------------------------------------
     0 | D:1      | sveltemanboy the High Elf Skald began the quest for the Orb.
     0 | D:1      | Reached XP level 1. HP: 14/14 MP: 4/4
    28 | D:1      | Reached skill level 1 in Armour
   464 | D:1      | Reached XP level 2. HP: 17/19 MP: 6/6
   469 | D:1      | Learned a level 2 spell: Song of Slaying
   711 | D:1      | Reached skill level 3 in Long Blades
   864 | D:1      | You fall through a shaft!
  1491 | D:2      | Reached XP level 3. HP: 24/24 MP: 7/7
  1774 | D:2      | Learned a level 3 spell: Spectral Weapon
  1945 | D:2      | Reached skill level 4 in Long Blades
  2310 | D:2      | Reached XP level 4. HP: 8/29 MP: 8/8
  2745 | D:3      | Found a bloodstained altar of Trog.
  2771 | D:3      | Reached skill level 1 in Hexes
  2866 | D:3      | Found a burning altar of Makhleb.
  2887 | D:3      | Found a radiant altar of Vehumet.
  3106 | D:3      | Found a basalt altar of Yredelemnul.
  3108 | D:3      | Found a shimmering altar of Xom.
  3251 | D:3      | Found a faded altar to an unknown god.
  3287 | D:3      | Found a snail-covered altar of Cheibriados.
  3481 | D:3      | Reached XP level 5. HP: 34/34 MP: 5/9
  3550 | D:3      | Reached skill level 5 in Long Blades
  3695 | D:3      | HP: 1/34 [orc wizard/magic dart (3)]
  3697 | D:3      | Slain by an orc wizard

Skill      XL: |  1  2  3  4  5 |
---------------+----------------+-----
Armour         | 1 2 |  2.4
Long Blades    | 3 4 5 |  5.4
Charms         | 4 |  4.2
Hexes          | 1 2 |  2.0
Fighting       | |  2.0
Dodging        | |  1.1
Spellcasting   | |  2.4

Action                   |  1- 3 |  4- 6 || total
-------------------------+-------+-------++-------
Melee: Falchion          |   146 |   174 ||   320
Throw: Throwing net      |       |     4 ||     4
 Cast: Infusion          |     9 |     4 ||    13
       Song of Slaying   |     1 |     3 ||     4
Evoke: Wand              |       |     2 ||     2
  Use: Potion            |     3 |     2 ||     5
 Stab: Held in net/web   |       |     1 ||     1
  Eat: Chunk             |     5 |     5 ||    10
Armor: Ring mail         |    32 |    59 ||    91
       Leather armour    |    13 |       ||    13
Dodge: Dodged            |    78 |    99 ||   177
